 Dungeon Crawl Stone Soup version 0.22.0-6-g71bd7aa6b3 (webtiles) character file.

1669 Htamos the Chucker (level 8, 0/80 HPs)
             Began as a Troll Fighter on Aug 16, 2018.
             Was a Priest of Cheibriados.
             Slain by a worker ant (6 damage)
             ... on level 9 of the Dungeon.
             The game lasted 00:10:27 (5070 turns).

Htamos the Chucker (Troll Fighter)                  Turns: 5070, Time: 00:10:28

Health: 0/80       AC:  5    Str: 31 (34) XL:     8   Next: 69%
Magic:  7/7        EV:  9    Int: 10 (11) God:    Cheibriados [***...]
Gold:   406        SH: 11    Dex: 15 (16) Spells: 7/7 levels left

rFire    . . .     SeeInvis .   f - 103 stones
rCold    . . .     Gourm    +   b - +0 shield
rNeg     . . .     Faith    .   a - +0 robe
rPois    .         Spirit   .   (helmet restricted)
rElec    .         Reflect  .   (no cloak)
rCorr    .         Harm     .   (gloves unavailable)
MR       .....                  (boots unavailable)
Stlth    +.........             (no amulet)
HPRegen  0.63/turn              (no ring)
MPRegen  0.10/turn              (no ring)

@: lethally poisoned (0 -> 0), very slow
A: large, unfitting armour, claws 3, fast metabolism 3, gourmand, regeneration
1, shaggy fur 1, tough skin 2
a: Bend Time, Temporal Distortion, Renounce Religion


You were on level 9 of the Dungeon.
You worshipped Cheibriados.
Cheibriados was most pleased with you.
You were very full.

You visited 1 branch of the dungeon, and saw 8 of its levels.
You also visited: Sewer.

You collected 406 gold pieces.

Inventory:

Missiles
 f - 103 stones (in claw)
 o - 61 sling bullets
Armour
 a - a +0 robe (worn)
 b - a +0 shield (worn)
Jewellery
 i - a cursed ring of attention {unknown}
 j - a cursed ring of teleportation {unknown}
 p - a +5 ring of slaying {unknown}
 z - an uncursed ring of protection from cold {unknown}
Wands
 c - a wand of enslavement (15)
 r - a wand of iceblast (4)
Scrolls
 g - 9 scrolls of identify {unknown}
 h - 7 scrolls of amnesia
 l - a scroll of enchant weapon
 m - 5 scrolls of remove curse
 s - 2 scrolls of magic mapping {unknown}
 t - a scroll of blinking {unknown}
 x - a scroll of noise {unknown}
 y - a scroll of random uselessness {unknown}
Potions
 n - 3 potions of degeneration
Comestibles
 d - 12 rations


   Skills:
 + Level 5.2 Fighting
 * Level 7.0 Throwing
 - Level 2.4 Dodging
 + Level 5.3 Shields
 - Level 2.0 Unarmed Combat


You had 7 spell levels left.
You didn't know any spells.
Your spell library contained the following spells:

 Spells                   Type           Power        Failure   Level  Hunger
 Apportation              Tloc           #.....       63%         1    ##.....
 Confuse                  Hex            #.......     94%         3    ####...
 Summon Small Mammal      Summ           #...         63%         1    ##.....
 Animate Skeleton         Necr           N/A          63%         1    ##.....
 Tukima's Dance           Hex            #.......     94%         3    ####...
 Confusing Touch          Hex            #.....       63%         1    ##.....
 Ensorcelled Hibernation  Hex/Ice        #.....       77%         2    ###....
 Corona                   Hex            #......      63%         1    ##.....
 Dazzling Spray           Conj/Hex       #.....       94%         3    ####...


Dungeon Overview and Level Annotations

Branches:
Dungeon (7/15)             Temple (0/1) D:5

Altars:
Cheibriados
Hepliaklqana
Kikubaaqudgha
Makhleb
Okawaru
Qazlal
Vehumet
Zin
The Shining One

Shops:
D:6 :

Annotations:
D:3 exclusion: 2 doors


Innate Abilities, Weirdness & Mutations

You are too large for most types of armour.
You have claws for hands.
Your metabolism is lightning-fast.
You like to eat raw meat.
Your natural rate of healing is unusually fast.
You are covered in fur. (AC +1)
You have very tough skin. (AC +2)


Message History

The worker ant is heavily wounded.
The worker ant bites you.
* * * LOW HITPOINT WARNING * * *
You are poisoned.
The worker ant poisons you! The worker ant bites you.
* * * LOW HITPOINT WARNING * * *
All of the chunks of flesh in your inventory have rotted away.
Okay, then.
As you read the scroll labeled LISIEX HUSCHOAW, it crumbles to dust.
It is a scroll of amnesia.
You feel forgetful for a moment.
You feel sick. The worker ant misses you.
Unknown command.
As you read the scroll labeled TURIESH MANY, it crumbles to dust.
It is a scroll of enchant weapon.
You aren't carrying any weapons that can be enchanted.
The worker ant bites you but does no damage.
As you read the scroll labeled ZUIWABL BEGG, it crumbles to dust.
You feel blessed for a moment.
It was a scroll of remove curse.
You feel sick. The worker ant bites you.
You die...

......# ...... .
.....##......# ..
.....#......# ...
#........... ....
#(........# #....
#........#
#.....######......+
............#a....####
..............@.......
......#........######.
.######.###.#..# #.#
#.#..# #.# #.#..# ..#
#.#... ... .......
...#


You could see a worker ant.

Vanquished Creatures
  Pikel (D:4)
  Grinder (D:4)
  A slave (D:4)
  3 bullfrogs
  2 howler monkeys
  5 wights (D:4)
  A crimson imp (D:5)
  A bullfrog skeleton (D:7)
  An orc wizard (D:6)
  A centaur skeleton (D:6)
  Ijyb (D:3)
  3 iguanas
  A killer bee zombie (D:6)
  A hound zombie (D:7)
  11 adders
  3 river rats (D:3)
  2 shadow imps (D:6)
  An ooze (D:2)
  8 worms
  8 dart slugs
  4 leopard geckos
  6 orcs
  6 ball pythons
  12 giant cockroaches
  9 goblins
  13 hobgoblins
  11 jackals
  8 kobolds
  2 quokkas
  10 bats
  9 frilled lizards
  A leopard gecko skeleton (D:4)
  13 rats
160 creatures vanquished.

Notes
Turn   | Place    | Note
-------+----------+-------------------------------------------
     0 | D:1      | Htamos the Troll Fighter began the quest for the Orb.
     0 | D:1      | Reached XP level 1. HP: 22/22 MP: 0/0
   100 | D:1      | Reached XP level 2. HP: 23/29 MP: 1/1
   261 | D:1      | Reached skill level 1 in Throwing
   330 | D:1      | Reached XP level 3. HP: 35/36 MP: 2/2
   798 | D:2      | Reached XP level 4. HP: 44/45 MP: 3/3
   900 | D:2      | Reached skill level 2 in Throwing
  1264 | D:3      | Noticed Ijyb
  1271 | D:3      | Killed Ijyb
  1327 | D:3      | Reached XP level 5. HP: 53/53 MP: 4/4
  1362 | D:3      | Found a snail-covered altar of Cheibriados.
  1371 | D:3      | Became a worshipper of Cheibriados the Contemplative
  1567 | D:3      | Reached skill level 3 in Throwing
  1605 | D:3      | Found a glowing drain.
  1613 | Sewer    | Entered a sewer
  1623 | Sewer    | Reached * piety under Cheibriados
  1838 | Sewer    | Reached XP level 6. HP: 35/61 MP: 5/5
  1998 | D:3      | Reached ** piety under Cheibriados
  2294 | D:3      | Reached skill level 4 in Throwing
  2574 | D:4      | Noticed Grinder
  2585 | D:4      | Reached XP level 7. HP: 44/68 MP: 6/6
  2602 | D:4      | Killed Grinder
  2714 | D:4      | Reached skill level 5 in Throwing
  3139 | D:4      | Noticed Pikel
  3161 | D:4      | Killed Pikel
  3161 | D:4      | Reached skill level 6 in Throwing
  3161 | D:4      | Reached XP level 8. HP: 56/79 MP: 7/7
  3341 | D:5      | Entered Level 5 of the Dungeon
  3406 | D:5      | Found a staircase to the Ecumenical Temple.
  3420 | D:5      | Reached skill level 5 in Shields
  3497 | D:5      | Reached skill level 5 in Fighting
  3519 | D:5      | Found a hazy altar of Hepliaklqana.
  3578 | D:5      | Found a stormy altar of Qazlal.
  3889 | D:6      | Reached *** piety under Cheibriados
  4229 | D:6      | Found a glowing golden altar of the Shining One.
  4300 | D:6      | Found a radiant altar of Vehumet.
  4342 | D:6      | Found Avery's Book Shoppe.
  4654 | D:6      | Found a glowing silver altar of Zin.
  4654 | D:6      | Found a burning altar of Makhleb.
  4655 | D:6      | Noticed an Executioner
  4655 | D:6      | Noticed an angel
  4797 | D:7      | Found an ancient bone altar of Kikubaaqudgha.
  4948 | D:7      | Reached skill level 7 in Throwing
  5007 | D:7      | Found an iron altar of Okawaru.
  5015 | D:7      | HP: 4/80 [killer bee (9)]
  5018 | D:7      | You fall through a shaft for 2 floors!
  5020 | D:9      | HP: 2/80 [poisoned by a killer bee]
  5070 | D:9      | Slain by a worker ant

Skill      XL: |  1  2  3  4  5  6  7  8 |
---------------+-------------------------+-----
Throwing       | 1 2 3 4 6 7 |  7.0
Shields        | 3 4 5 |  5.3
Fighting       | 3 4 5 |  5.2
Dodging        | |  2.4
Unarmed Combat | |  2.0

Action                   |  1- 3 |  4- 6 |  7- 9 || total
-------------------------+-------+-------+-------++-------
Melee: Unarmed           |   106 |   230 |   109 ||   445
Throw: Stone             |    12 |       |    90 ||   102
  Use: Potion            |       |       |    12 ||    12
       Scroll            |       |       |     7 ||     7
 Stab: Sleeping          |       |     1 |     1 ||     2
  Eat: Chunk             |    13 |    13 |    15 ||    41
Armor: Robe              |    46 |    59 |    53 ||   158
Dodge: Dodged            |    33 |    74 |    70 ||   177
Block: Shield            |    54 |   107 |    93 ||   254
